[Event "Slovakian ECo-C Extraliga 2024-25"]
[Site "Slovakia"]
[Date "2025.01.19"]
[Round "4.2"]
[White "Laurusas, Tomas"]
[Black "Kaczur Florian"]
[Result "1-0"]
[Annotator "TA"]
[ECO "D27"]
[WhiteElo "2580"]
[BlackElo "2479"]
[PlyCount "63"]
[EventDate "2024.09.12"]
[EventType "team-tourn"]
[EventCountry "SVK"]
[SourceTitle "playchess.com"]
[Source "ChessBase"]
[SourceQuality "1"]
[TimeControl "5400+30"]

1. d4 d5 2. c4 dxc4 3. Nf3 Nf6 4. e3 e6 5. Bxc4 c5 6. O-O a6 7. Be2 Nbd7 8. a4 b6 9. Nbd2 {[%emt 0:07:17] The position is equal.} Bb7 10. Nc4 Be7 11. dxc5 Bxc5 12. Nd6+ Bxd6 13. Qxd6 Nc5 14. Qxd8+ Rxd8 15. Ra3 Nd5 16. Ne5 Ke7 ({Black should play} 16... O-O $11) 17. f3 $1 $14 a5 18. Bb5 Nb4 19. Nc4 (19. e4 {keeps more tension.} Ba6 20. Be3 Ra8 21. Rd1) 19... Bd5 20. Nxb6 Bb3 {[%emt 0:00:08] [#]} 21. Bc4 $1 Rb8 22. Bxb3 Rxb6 23. Bc4 {[%emt 0:01:22][%cal Bb3c4,Bc4b5,Bb5a4][%mdl 32] Inhibits Nbd3.} Rd8 24. Bb5 Ncd3 {[%emt 0:01:27] [#]} (24... Rbd6 $16 {was called for.} 25. e4 e5) 25. Bd2 $1 $18 {[%emt 0:01:30][%cal Bc1d2,Bd2c3,Bc3a5,Ba5b6,Bb6c5][%mdl 32] Bxd3 is the strong threat.} Nxb2 (25... Ne5 26. Bxb4+ axb4) 26. Bc3 $1 Nc2 27. Ra2 ({Weaker is} 27. Bxa5 Rxb5 28. Bxd8+ (28. axb5 Nxa3 29. Bb4+ Ke8 $11) 28... Kxd8 $18) 27... Nxa4 28. Bxa4 {[%emt 0:00:57] This pair of bishops is nice.} Nxe3 29. Bxa5 {[%emt 0:00:43] White is clearly winning.} Nxf1 30. Bxb6 Rd2 31. Ra1 Rb2 32. Bc5+ {[%emt 0:00:08] Weighted Error Value: White=0.05 (flawless) /Black=0.34.  Mistake:       	---       	Black=3      Inaccurate:     	White=1     	Black=4      OK:         	White=10    	Black=8      Best:        	White=3     	Black=2      Strong:       	White=3     	---} 1-0

[Event "Slovakian ECo-C Extraliga 2024-25"]
[Site "Slovakia"]
[Date "2025.01.19"]
[Round "4.2"]
[White "Tazbir, Marcin"]
[Black "Babula, Vlastimil"]
[Result "1/2-1/2"]
[Annotator "TA"]
[ECO "A13"]
[WhiteElo "2502"]
[BlackElo "2497"]
[PlyCount "23"]
[EventDate "2024.09.12"]
[EventType "team-tourn"]
[EventCountry "SVK"]
[SourceTitle "playchess.com"]
[Source "ChessBase"]
[SourceQuality "1"]
[TimeControl "5400+30"]

1. c4 e6 2. g3 d5 3. Bg2 Nf6 4. Nf3 d4 5. O-O c5 6. e3 Nc6 7. exd4 cxd4 8. d3 h6 9. a3 a5 $1 10. Re1 Bd6 11. Nbd2 O-O 12. Qc2 1/2-1/2

[Event "Slovakian ECo-C Extraliga 2024-25"]
[Site "Slovakia"]
[Date "2025.01.19"]
[Round "4.2"]
[White "Finek, Vaclav"]
[Black "Jakab, Bela"]
[Result "1-0"]
[Annotator "TA"]
[ECO "E06"]
[WhiteElo "2483"]
[BlackElo "2346"]
[PlyCount "69"]
[EventDate "2024.09.12"]
[EventType "team-tourn"]
[EventCountry "SVK"]
[SourceTitle "playchess.com"]
[Source "ChessBase"]
[SourceQuality "1"]
[TimeControl "5400+30"]

1. d4 d5 2. c4 e6 3. Nf3 Nf6 4. g3 Be7 5. Bg2 O-O 6. O-O a5 7. Nc3 {[%emt 0:01:13] E06: Closed Catalan: Early deviations.} dxc4 8. Ne5 Nc6 9. Nxc6 {[%emt 0:24:29] White has an edge.} bxc6 10. Qa4 {[%emt 0:00:18] White sacrificed a pawn} Rb8 (10... Qxd4 {seems wilder.} 11. Qxc6 Ra6 12. Qxc7 Bd6) 11. Rd1 (11. Qxc6 Rb4 12. Qa8 c5 13. dxc5 Qc7 $15 (13... Bxc5 14. a3 $11)) (11. Qxc4 c5 $11) 11... Nd5 12. Qxc4 Nb4 13. Qb3 (13. Bxc6 Ba6 14. Bb5 Rxb5 15. Nxb5 c6 $15) 13... Ba6 14. Qa4 Nd5 $146 (14... Bb5 15. Nxb5 cxb5 16. Qxa5 c5 17. Qa7 Nc2 18. Bf4 Nxa1 19. Bxb8 Nc2 20. d5 Nd4 {1-0 Kusa,J (2303)-Mladek,R (2365) CZE-chT 2122 2021 (9.4)}) 15. Bf3 (15. Qxc6 Nxc3 16. bxc3 Bxe2 $11) 15... Qd7 {[%emt 0:12:08] [#] White stays focused until the end.} (15... Nxc3 $14 16. bxc3 Bb5) 16. Nxd5 $1 $16 exd5 17. Qxa5 Rb6 18. Qc3 Rfb8 (18... g5 $142) 19. Qc2 Qh3 20. b3 Bc8 21. Bf4 R8b7 (21... Bd6 $16) 22. Bg2 Qh5 23. e4 g5 (23... Bh3 $16 {is a better defense.} 24. Re1 Bxg2 25. Kxg2 Ra7) 24. Be3 $18 Bg4 25. Re1 c5 $2 {[%emt 0:04:25] [#]} (25... Bf3 26. Bxf3 Qxf3) 26. exd5 (26. dxc5 Rh6 $18) 26... Rh6 27. h4 ({Less strong is} 27. dxc5 Qxh2+ 28. Kf1 Bf6 $18) 27... cxd4 28. Bxd4 Bf6 29. Re8+ Kg7 30. Qc5 Bxd4 31. Qxd4+ (31. Qf8+ $142 Kg6 32. Be4+ Bf5 33. Re6+ (33. Qg8+ Bg7 $18) 33... fxe6 34. dxe6 Bxf2+ 35. Kf1 (35. Kxf2 Qf3+ 36. Bxf3 gxh4 37. Rg1 h3 38. e7 Rb8 39. Qxb8 Bd7 40. Qg8+ Kf5) 35... Qd1+ 36. Rxd1) 31... Rf6 {[%emt 0:00:08] White is clearly winning.} 32. Rg8+ Kxg8 33. Qxf6 gxh4 34. Re1 Rb8 {[%emt 0:00:08] Wards off Re8+} 35. Re5 {[%emt 0:00:13] Weighted Error Value: White=0.39/Black=0.75  Mistake:       	---       	Black=5      Inaccurate:     	---       	Black=3      OK:         	White=12    	Black=7      Best:        	White=2     	---        Strong:       	White=1     	---} 1-0

[Event "Slovakian ECo-C Extraliga 2024-25"]
[Site "Slovakia"]
[Date "2025.01.19"]
[Round "4.2"]
[White "Ponizil Cyril"]
[Black "Ftacnik Lubomir"]
[Result "1-0"]
[Annotator "TA"]
[ECO "D72"]
[WhiteElo "2465"]
[BlackElo "2440"]
[PlyCount "109"]
[EventDate "2024.09.12"]
[EventType "team-tourn"]
[EventCountry "SVK"]
[SourceTitle "playchess.com"]
[Source "ChessBase"]
[SourceQuality "1"]
[TimeControl "5400+30"]

1. c4 Nf6 2. g3 g6 3. Bg2 Bg7 4. d4 d5 5. cxd5 Nxd5 6. e4 Nb6 7. Ne2 c5 8. d5 e6 9. O-O O-O 10. Nec3 Na6 11. h3 Re8 12. Na3 exd5 13. exd5 Bd7 14. Bf4 Be5 (14... Nb4 $11 {keeps the balance.}) 15. Qd2 $16 Nb4 16. Bxe5 $1 Rxe5 17. Rfe1 Rxe1+ 18. Rxe1 (18. Qxe1 Qf6 $14) 18... Bf5 19. g4 Bd3 20. Qe3 Rc8 21. Rd1 c4 22. Qd4 $36 {[%emt 0:00:08][%mdl 2048] White is pushing.} Nc6 ({Black should play} 22... h6 $14) 23. Qf4 $18 (23. dxc6 $2 Qxd4 24. Nab5 Qc5 25. cxb7 Rb8 26. Nxa7 Qe7 $19) 23... g5 24. Qe3 Nb4 25. Qd4 $2 {[%emt 0:03:38] Dodges N6xd5} ({Only move:} 25. d6 $1 $18) 25... Nc6 $11 26. Qe3 $2 (26. dxc6 $2 Qxd4 27. Nab5 Qf4 28. cxb7 Rf8 $19) (26. Qc5 $11 Ne7 27. Qd4) 26... Nb4 $18 {[%emt 0:00:07] [#]} 27. d6 $1 Qxd6 (27... h6 28. Nab5) 28. Qxg5+ Qg6 29. Qf4 Rd8 {[%emt 0:03:50] [#]} (29... h6 $16 30. Bxb7 Rd8) 30. Bxb7 (30. b3 $1 $18 {[%cal Rb3c4] has better winning chances.}) 30... N6d5 $2 (30... f5 $16) 31. Nxd5 Nxd5 32. Qe5 Nb6 {[%emt 0:02:36] [#]} (32... Qg7 $16 33. Qxg7+ Kxg7) 33. Be4 $1 Qg7 (33... Qh6 34. Nxc4) 34. Qxg7+ Kxg7 {[%emt 0:00:02] [#]} 35. Nxc4 $1 Nxc4 36. Rxd3 (36. Bxd3 $2 {perishes.} Nxb2 37. Rb1 Nxd3 $19) 36... Rxd3 37. Bxd3 Nxb2 {[%emt 0:00:09][%mdl 4096] Endgame KB-KN. White is a pawn up.} 38. Bc2 Nc4 39. Kg2 Ne5 40. Kg3 h6 41. Kf4 Kf6 42. Be4 Nc4 43. h4 Nb6 (43... Ne5 44. Bc2 Nd7) 44. Bc6 Nc8 45. Ke4 Ne7 (45... a5 {was necessary.} 46. f4 Ne7) 46. Bd7 Ng6 47. h5 Ne5 48. Bf5 Nc6 49. f4 Nb4 50. a3 Nc2 51. a4 Ne1 52. Bd7 Nc2 53. Bb5 Ne1 54. Bd3 {[%emt 0:00:00] Black must now prevent Bb1. Wards off Nc2} a5 55. Bb1 1-0

[Event "Slovakian ECo-C Extraliga 2024-25"]
[Site "Slovakia"]
[Date "2025.01.19"]
[Round "4.2"]
[White "Ftacnik Lubomir"]
[Black "Ponizil Cyril"]
[Result "*"]
[Annotator "TA"]
[ECO "D72"]
[WhiteElo "2440"]
[BlackElo "2465"]
[PlyCount "36"]
[EventDate "2024.09.12"]
[EventType "team-tourn"]
[EventCountry "SVK"]
[SourceTitle "playchess.com"]
[Source "ChessBase"]
[SourceQuality "1"]
[TimeControl "5400+30"]

1. c4 Nf6 2. g3 g6 3. Bg2 Bg7 4. d4 d5 5. cxd5 Nxd5 6. e4 Nb6 7. Ne2 c5 8. d5 {[%emt 0:00:05] The position is equal.} e6 {[%emt 0:00:15] D72: Fianchetto Grünfeld: 5 cxd5 Nxd5 6 e4 Nb6 (without Nf3).} 9. O-O O-O {[%emt 0:00:33] OK:         	White=1     	Black=1} 10. Nec3 {[%emt 0:00:21] The main line 10.Nec3 scores better than 10.Nbc3. Not much happened in this game.   Weighted Error Value: White=0.00 (flawless) /Black=0.05 (flawless)} Na6 $146 11. h4 exd5 12. exd5 Bf5 13. Bg5 Qd7 14. Nd2 h6 15. Bf4 Nb4 16. Nde4 Bxe4 17. Nxe4 N4xd5 18. Bd6 Bxb2 {½-½ Kazhgaleyev,M (2458)-Puranik,A (2634) Aix en Provence Dole op 2nd 2024 (7)} *

[Event "Slovakian ECo-C Extraliga 2024-25"]
[Site "Slovakia"]
[Date "2025.01.19"]
[Round "4.2"]
[White "Delgerdalai, Bayarjavkhlan"]
[Black "Bochnicka, Vladimir"]
[Result "1-0"]
[Annotator "TA"]
[ECO "D30"]
[WhiteElo "2331"]
[BlackElo "2345"]
[PlyCount "167"]
[EventDate "2024.09.12"]
[EventType "team-tourn"]
[EventCountry "SVK"]
[SourceTitle "playchess.com"]
[Source "ChessBase"]
[SourceQuality "1"]
[TimeControl "5400+30"]

1. d4 d5 2. c4 e6 3. Nf3 c5 4. e3 Nf6 5. cxd5 exd5 6. Bb5+ Nc6 7. O-O Be7 8. b3 O-O 9. dxc5 Bxc5 10. Bb2 Bg4 11. Bxc6 bxc6 12. Qc2 Qe7 13. Nbd2 Bxf3 14. Bxf6 Qxf6 15. Qxc5 Bg4 16. Rac1 Rfc8 17. Rc3 Qg6 18. Rfc1 Bh3 19. g3 h6 20. Qd4 Bg4 21. Rc5 Qe6 22. Qa4 Bh3 23. Rxc6 Kh7 24. Qa6 Qg6 25. b4 Rab8 26. a3 Rc7 27. R1c5 Rxc6 28. Rxc6 Qh5 29. Rc1 Rb6 30. Qd3+ Rg6 31. f3 Qe5 32. Kf2 Bf5 33. Qd4 Qe6 $2 (33... Qxd4 $16 34. exd4 Ra6) 34. Rc5 $18 (34. Qxa7 Qe8 35. Qc5 Qe5) 34... Qa6 35. Ra5 (35. Qxd5 Be6 36. Qd4 Rg5 37. Rxg5 hxg5 $16) 35... Qc8 36. Rc5 (36. Rxa7 Qc2 37. Ke2 (37. Rxf7 $2 Bd3 $19) 37... Qc1 38. Rxf7 (38. Qxd5 Be6 $18) 38... Be6) (36. Qxd5 Rf6 37. Rc5 (37. Rxa7 Qc1 $16) 37... Qa6 $16) 36... Qa6 $1 37. Rxd5 (37. Qxd5 Be6 38. Qd4 Qxa3 $18) (37. Ra5 Qc8 38. Rc5 (38. Rxd5 Rc6 $18) (38. Rxa7 Rf6 $18) (38. Qxd5 Rf6 $18) 38... Rc6 39. Qxd5 Rxc5 40. bxc5 (40. Qxc5 Qd7 $18) 40... Be6 41. Qe4+ Kg8 $16) 37... Bc2 38. Qc4 Qe6 (38... Qxc4 {might work better.} 39. Nxc4 Rf6) 39. g4 Ba4 40. Rd4 Qf6 (40... Qxc4 $142 41. Rxc4 Ra6) 41. b5 $18 Bd1 42. Qf1 Bc2 43. Qc1 Qh4+ 44. Kg2 Bf5 45. Nc4 f6 46. Nd6 (46. h3 $18) 46... Be6 $2 (46... Bxg4 $16 47. fxg4 (47. Rxg4 Rxg4+ 48. fxg4 Qxg4+ 49. Kf2 Qh4+ 50. Kf1 Qh3+ 51. Ke1 Qh4+ 52. Kd1 Qh5+ 53. Ke1 Qh4+ 54. Kf1 Qh3+ 55. Kg1 Qg4+ 56. Kh1 Qf3+ 57. Kg1 Qg4+ 58. Kh1 Qf3+ 59. Kg1 Qg4+ $11) 47... Rxg4+ 48. Kh1 Rxd4 49. Qc2+ (49. exd4 Qxd4 50. Qc2+ Kh8 $18) 49... Kh8 50. exd4 Qxd4) 47. Qc2 Qg5 48. Qe4 f5 49. Qe5 h5 50. h3 $2 (50. h4 Qxh4 51. Nxf5 Qe1 $11) ({Better is} 50. a4 $18) 50... fxg4 $11 51. Qxg5 gxh3+ 52. Kh1 Rxg5 53. f4 Rc5 54. Ne4 Bd5 (54... Rc1+ $11 55. Kh2 Bg4) 55. a4 $1 $14 ({Much weaker is} 55. Kh2 Bxe4 56. Rxe4 Rxb5 $11) 55... Kg6 (55... Bxe4+ $14 56. Rxe4 g5 (56... Rc2 $2 57. Re7 $18)) 56. Kh2 $16 Bxe4 57. Rxe4 Kf6 ({Don't go for} 57... Kf5 $2 58. Re5+ (58. Re7 Kg4 $11) 58... Rxe5 59. fxe5 Kxe5 60. a5 $18) 58. Kxh3 g6 (58... g5 $16 59. fxg5+ Rxg5) 59. Kg3 Rc3 (59... g5 $16 60. fxg5+ Rxg5+ 61. Kf2 Rc5) 60. a5 Ra3 $2 (60... g5 61. fxg5+ Kxg5) 61. a6 $18 Rb3 62. Re5 Ra3 63. Kf3 Rb3 64. Kf2 Rb2+ 65. Kf3 $2 (65. Kg3) 65... Rb3 $18 66. Rc5 Ke6 67. Rc6+ Kf7 68. Rc7+ Kf6 69. Rxa7 Rxb5 70. Ra8 Ra5 71. Kg3 Ra3 72. a7 Kg7 {[%emt 0:00:18] [#]} 73. Kh4 $1 Ra1 74. e4 Rh1+ 75. Kg3 Rg1+ 76. Kh2 Ra1 77. Kg2 Ra2+ 78. Kg3 Ra3+ 79. Kh4 Ra4 80. Kg5 Ra1 81. e5 Ra5 82. Kh4 (82. f5 $142 gxf5 83. e6 (83. Kxh5 f4 $18) (83. Kxf5 h4 $18) 83... f4+ 84. Kxf4 Kf6 85. Rf8+ Kxe6 86. a8=Q (86. a8=B Ra2 $14) (86. a8=R Rc5 $18) 86... Rxa8 87. Rxa8) 82... Ra4 83. e6 Rxf4+ 84. Kg3 1-0

[Event "Slovakian ECo-C Extraliga 2024-25"]
[Site "Slovakia"]
[Date "2025.01.19"]
[Round "4.3"]
[White "Kriebel, Tadeas"]
[Black "Stachowiak, Kamil"]
[Result "1-0"]
[Annotator "TA"]
[ECO "B43"]
[WhiteElo "2510"]
[BlackElo "2413"]
[PlyCount "73"]
[EventDate "2024.09.12"]
[EventType "team-tourn"]
[EventCountry "SVK"]
[SourceTitle "playchess.com"]
[Source "ChessBase"]
[SourceQuality "1"]
[TimeControl "5400+30"]

1. e4 c5 2. Nf3 e6 3. d4 cxd4 4. Nxd4 a6 5. Nc3 Qc7 6. Qd3 {[%emt 0:11:03] B43: Sicilian: Kan Variation: 5 Nc3.} Nc6 7. Nxc6 bxc6 8. Qg3 {[%emt 0:00:05] White is slightly better.} Qxg3 9. hxg3 d5 10. g4 $1 {[%emt 0:00:05][%mdl 4] is more profitable than 10.Na4 at the moment.} Nf6 11. g5 Nd7 12. Be3 Bd6 $146 (12... Bb4 13. Bd3 e5 14. exd5 cxd5 15. a3 Bxc3+ 16. bxc3 e4 17. Be2 O-O 18. c4 dxc4 19. Bxc4 {0-1 Prevolsek,M (2027)-Guillaume,M (1900) Split rapid op 6th 2024 (3)}) 13. O-O-O Bb7 14. Rh4 Ke7 15. Be2 f6 16. Rdh1 Nf8 17. gxf6+ Kxf6 18. f4 {[%emt 0:00:52] Threatens to win with e5+. White attacks} Kf7 19. f5 exf5 20. exf5 Nd7 {[%emt 0:05:58] [#]} 21. Ne4 $1 {[%emt 0:16:08] Dodges Nf6} Be7 (21... dxe4 $2 22. Rd1 Be7 (22... Ke7 $2 23. Rxe4+ Ne5 24. Bg5+ Kd7 25. Rxe5 $18) 23. Rxd7 $18) 22. Ng5+ ({Not} 22. Rxh7 Rxh7 23. Rxh7 dxe4 $17) 22... Bxg5 23. Bxg5 Nf6 {[%emt 0:00:24] Black is weak on the dark squares} 24. Rb4 Bc8 25. g4 $36 {[%emt 0:00:11][%mdl 2048] White has strong initiative. White has more active pieces.} Re8 26. Bf3 h6 27. Bxf6 Kxf6 28. Rb6 $1 Bd7 29. Bxd5 Rec8 30. Re1 a5 31. Rb7 Rd8 $2 {[%emt 0:00:46] [#]} (31... Re8 $16 32. Rxe8 Bxe8) 32. Rxd7 $1 Rxd7 33. Bxc6 Rad8 34. Bxd7 Rxd7 35. Re6+ Kg5 $2 (35... Kf7 {is a better defense.} 36. c3 Rd5) 36. Rg6+ $18 Kf4 37. b3 {[%emt 0:01:16] Weighted Error Value: White=0.07 (flawless) /Black=0.24 (precise)   Loses game:     	---       	Black=1      Mistake:       	---       	Black=1      Inaccurate:     	---       	Black=5      OK:         	White=16    	Black=14     Best:        	White=3     	Black=1} 1-0

[Event "Slovakian ECo-C Extraliga 2024-25"]
[Site "Slovakia"]
[Date "2025.01.19"]
[Round "4.3"]
[White "Gonda Laszlo"]
[Black "Stohl, Igor"]
[Result "1/2-1/2"]
[Annotator "TA"]
[ECO "B10"]
[WhiteElo "2485"]
[BlackElo "2410"]
[PlyCount "56"]
[EventDate "2024.09.12"]
[EventType "team-tourn"]
[EventCountry "SVK"]
[SourceTitle "playchess.com"]
[Source "ChessBase"]
[SourceQuality "1"]
[TimeControl "5400+30"]

1. e4 c6 2. Nf3 d5 3. d3 dxe4 4. dxe4 Qxd1+ 5. Kxd1 Nd7 6. a4 {[%emt 0:11:29][%cal Ba2a4,Ba4a5][%mdl 32] B10: Caro-Kann: 2 d3 and 2 c4.} Ngf6 7. Nfd2 g5 8. a5 h5 9. Nc3 g4 $146 (9... Nc5 10. f3 g4 11. Nc4 Be6 12. Be3 Bxc4 13. Bxc4 Ncd7 14. Be2 e6 15. Ke1 gxf3 16. gxf3 {½-½ Boulanger,M (2367)-Egan,M (2292) CAN-ch77 email 2022}) 10. Nb3 Bh6 11. Bxh6 Rxh6 12. Kd2 Ne5 13. Ke3 Be6 14. Rd1 Rd8 (14... Bxb3 15. cxb3 e6 16. f4 gxf3 17. gxf3 Rg6) 15. Nd4 (15. Nc5 {simplifies} Rxd1 16. Nxd1 Bc8 17. Kd4) 15... Bc8 {[%emt 0:07:47] A sharp opening} 16. Be2 h4 17. Nf5 (17. f4 {looks sharper.} gxf3 18. gxf3 Rg6 19. a6) 17... Rxd1 18. Rxd1 Rh8 19. Rg1 e6 20. Nd4 Ke7 21. f4 gxf3 22. gxf3 Ng6 23. f4 {[%emt 0:00:48] White is more active.} e5 24. fxe5 Nxe5 {[%emt 0:00:02] The position is equal.} 25. Rg5 Kd6 (25... Neg4+ 26. Kf4 Nf2 (26... Nxh2 27. e5 $16) 27. Rc5) 26. Ncb5+ cxb5 27. Nxb5+ Ke6 {[%emt 0:00:09] [#] ...a6 would now be deadly.} 28. Nd4+ Kd6 {[%emt 0:00:07] Weighted Error Value: White=0.11 (very precise) /Black=0.10 (very precise)   Inaccurate:     	White=2     	Black=3      OK:         	White=5     	Black=6      Best:        	White=1     	Black=4} 1/2-1/2

[Event "Slovakian ECo-C Extraliga 2024-25"]
[Site "Slovakia"]
[Date "2025.01.19"]
[Round "4.3"]
[White "Bures Jaroslav"]
[Black "Kusa, Jakub"]
[Result "1/2-1/2"]
[Annotator "TA"]
[ECO "C44"]
[WhiteElo "2402"]
[BlackElo "2401"]
[PlyCount "57"]
[EventDate "2024.09.12"]
[EventType "team-tourn"]
[EventCountry "SVK"]
[SourceTitle "playchess.com"]
[Source "ChessBase"]
[SourceQuality "1"]
[TimeControl "5400+30"]

1. e4 e5 2. Nf3 Nc6 3. d4 exd4 4. Nxd4 Nf6 5. Nxc6 bxc6 6. Qe2 Bc5 {[%emt 0:00:55] With the idea ...0-0.} 7. e5 Nd5 8. c4 Nb6 9. Qg4 g6 10. Nc3 d5 (10... Qe7 {simplifies} 11. Qg5 O-O 12. Qxe7 Bxe7 13. Be2 f6) 11. Qg3 O-O 12. Bh6 ({White should play} 12. Bg5 $11 Qd7 13. cxd5) 12... Re8 $1 $15 13. O-O-O $1 Qe7 14. cxd5 Nxd5 (14... cxd5 $15 15. f4 Bb4) 15. Bc4 $1 $11 Nxc3 16. Qxc3 Bb4 17. Qf3 (17. Qe3 $14) 17... Be6 $36 {[%emt 0:02:39][%mdl 2048] Black has some pressure.} 18. Rd4 {[%emt 0:04:48] [#] Black must now prevent Bxe6.} Rad8 19. Rxd8 Rxd8 20. Bxe6 Qxe6 21. Rd1 {[%emt 0:00:17] Some like it hot} Qc4+ 22. Kb1 Rxd1+ 23. Qxd1 {[%emt 0:00:05][%mdl 4096] [#] Endgame. Qd8+ would kill now. KQB-KQB} Qe4+ 24. Ka1 {[%emt 0:07:33] Intending Qd8+ and mate.} Bf8 ({Not} 24... Qxe5 25. Qd8+) (24... Be7 $1 $17 25. g3 Qxe5) 25. Bxf8 $11 {[%emt 0:00:30] The position is equal.} Kxf8 26. Qd8+ Kg7 {[%emt 0:00:11] ( -> ...Qe1+)} 27. Qf6+ Kg8 28. a3 Qxg2 29. Qd8+ {Weighted Error Value: White=0.18 (very precise) /Black=0.17 (very precise) .  Mistake:       	White=2     	Black=2      Inaccurate:     	White=1     	Black=2      OK:         	White=5     	Black=10     Best:        	White=7     	---        Strong:       	White=2     	Black=1} 1/2-1/2

[Event "Slovakian ECo-C Extraliga 2024-25"]
[Site "Slovakia"]
[Date "2025.01.19"]
[Round "4.3"]
[White "Ongut, Tamas Gunes"]
[Black "Nemeth, Miklos"]
[Result "1/2-1/2"]
[Annotator "TA"]
[ECO "C93"]
[WhiteElo "2262"]
[BlackElo "2424"]
[PlyCount "46"]
[EventDate "2024.09.12"]
[EventType "team-tourn"]
[EventCountry "SVK"]
[SourceTitle "playchess.com"]
[Source "ChessBase"]
[SourceQuality "1"]
[TimeControl "5400+30"]

1. e4 e5 2. Nf3 Nc6 3. Bb5 a6 4. Ba4 Nf6 5. O-O Be7 6. Re1 b5 7. Bb3 d6 8. c3 O-O 9. h3 h6 {[%emt 0:03:43] 9...Bb7 gains popularity.} 10. d4 Bd7 {[%emt 0:00:06] C93: Closed Ruy Lopez: Smyslov Variation.} 11. a3 a5 12. d5 $146 (12. Nbd2 a4 13. Ba2 Qb8 14. Nf1 Qb7 15. Ng3 Rad8 16. Nh4 Rfe8 17. Nhf5 Bf8 18. Qf3 exd4 19. Nxh6+ gxh6 20. Qxf6 Be6 21. Bxh6 Bxa2 22. Bxf8 Kxf8 23. Nf5 Re6 24. Qh8# {1-0 Maltsevskaya,A (2374)-Lin,B (2111) Titled Tuesday intern op 26th Mar Late blitz 2024 (11)}) 12... Na7 13. c4 c6 14. dxc6 Bxc6 15. Nc3 bxc4 16. Bxc4 Qc7 {[%emt 0:00:05] [#]} (16... Nc8 $14) 17. Nh4 $1 $16 {[%emt 0:12:32] White is more active.} Bxe4 18. Nxe4 (18. Rxe4 $16 Nxe4 19. Nxe4 Qxc4 (19... Bxh4 20. Qg4 $14) 20. Qg4) 18... Qxc4 $14 19. Nf5 (19. Nxd6 $2 Bxd6 (19... Qxh4 20. Nf5 $18) 20. Qxd6 Nb5 $19 (20... Qxh4 $2 21. Be3 $19)) 19... Qe6 20. Nxe7+ (20. Nfxd6 $2 {loses.} Rfd8 21. Qa4 (21. Nxf6+ $2 Bxf6 22. Qf3 Qxd6 $19) 21... Bxd6 $19) (20. Nexd6 $2 Bxd6 21. Qxd6 (21. Nxd6 $2 Rfd8 $19) 21... Qxf5 $19) 20... Qxe7 21. Qxd6 Qxd6 22. Nxd6 Nc6 23. Be3 Rfd8 {[%emt 0:03:45] Weighted Error Value: White=0.13 (very precise) /Black=0.16 (very precise)   Mistake:       	White=1     	Black=1      Inaccurate:     	White=2     	Black=1      OK:         	White=4     	Black=4      Best:        	White=1     	Black=1      Strong:       	White=1     	---} 1/2-1/2

[Event "Slovakian ECo-C Extraliga 2024-25"]
[Site "Slovakia"]
[Date "2025.01.19"]
[Round "4.3"]
[White "Rohacek, Miroslav"]
[Black "Babula, Vlastimil"]
[Result "0-1"]
[Annotator "TA"]
[ECO "A05"]
[WhiteElo "2235"]
[BlackElo "2497"]
[PlyCount "54"]
[EventDate "2024.09.12"]
[EventType "team-tourn"]
[EventCountry "SVK"]
[SourceTitle "playchess.com"]
[Source "ChessBase"]
[SourceQuality "1"]
[TimeControl "5400+30"]

1. Nf3 Nf6 2. g3 g6 3. b3 Bg7 4. Bb2 O-O 5. c4 d6 6. Bg2 e5 7. O-O Nfd7 8. d3 {[%emt 0:07:38] [#]} ({Better is} 8. d4 $11) 8... e4 $1 $15 9. Bxg7 exf3 10. Bxf8 fxg2 11. Kxg2 Nxf8 12. Nc3 Nbd7 13. Qd2 Nf6 14. d4 a6 15. Rae1 {[%emt 0:05:23] [#]} (15. f3 $15) 15... b5 $1 $17 16. e4 (16. f3 bxc4) 16... bxc4 17. bxc4 a5 18. f4 (18. d5 $142) 18... Ba6 19. Nb5 (19. e5 $17 N6d7 20. d5) 19... d5 20. e5 $2 (20. exd5 Bxb5 21. cxb5) 20... dxc4 $19 21. exf6 Bxb5 22. Qc3 (22. Qd1 $142) 22... Bc6+ 23. Kh3 Qd5 24. f5 Nd7 (24... Qg2+ $142 25. Kg4 Qxh2 (25... Bd7 $2 26. h4 $19) 26. fxg6 hxg6 (26... Qxa2 27. gxf7+ Kh8 28. d5 $17)) 25. Kh4 Nxf6 {[%emt 0:00:36] ( -> ...Qg2)} 26. Rf4 h6 {[%emt 0:00:53] ( -> ...g5+)} 27. h3 g5# 0-1